 Dungeon Crawl Stone Soup version 0.30-a0-782-ge64f9170bb (webtiles) character file.

Game seed: 3565306119969516059

2121 themarg the Firebug (level 9, -5/68 HPs)
             Began as a Demonspawn Fire Elementalist on Feb 18, 2023.
             Was an Initiate of Vehumet.
             Slain by a manticore (9 damage)
             ... on level 8 of the Dungeon.
             The game lasted 00:34:26 (9992 turns).

themarg the Firebug (Demonspawn Fire Elementalist)  Turns: 9992, Time: 00:34:26

Health: -5/68      AC:  6    Str: 14    XL:     9   Next: 8%
Magic:  0/13       EV: 12    Int: 20    God:    Vehumet [......]
Gold:   455        SH:  4    Dex: 19    Spells: 8/14 levels left

rFire   . . .      SeeInvis .    h - +3 dagger (venom)
rCold   . . .      Faith    .    (no shield)
rNeg    . . .      Spirit   +    a - +0 robe
rPois   .          Reflect  .    p - +2 helmet
rElec   .          Harm     .    (no cloak)
rCorr   +          Rampage  .    r - +0 pair of gloves
Will    .....                    (no boots)
Stlth   ++++                     z - amulet "Ufumo" {Spirit Fragile Regen+ Str+6}
HPRegen 1.11/turn                y - ring of wizardry
MPRegen 0.13/turn                F - ring of resist corrosion

@: no status effects
A: claws 1, thin skeletal structure 2, condensation shield
a: Renounce Religion


You were on level 8 of the Dungeon.
You worshipped Vehumet.
Vehumet was noncommittal.
You visited 2 branches of the dungeon, and saw 9 of its levels.

You collected 455 gold pieces.

Inventory:

Hand Weapons
 h - a +3 dagger of venom (weapon)
Missiles
 g - 56 stones
 q - 6 poisoned darts
 w - 2 boomerangs
 A - 6 javelins
 B - 2 throwing nets
Armour
 a - a +0 robe (worn)
 p - a +2 helmet (worn)
 r - a +0 pair of gloves (worn)
 v - a +0 buckler
 x - the +4 ring mail of Beogh's Benevolence {rC- rN++ Int+5}
   (You found it on level 6 of the Dungeon)

   Int:       It affects your intelligence (+5).
   rC:        It makes you vulnerable to cold.
   rN:        It greatly protects you from negative energy.
 C - a +0 pair of boots
Jewellery
 y - a ring of wizardry (left hand)
 z - the amulet "Ufumo" (around neck) {Spirit Fragile Regen+ Str+6}
   (You found it on level 6 of the Dungeon)

   [amulet of guardian spirit]

   It causes incoming damage to be divided between your reserves of health and
   magic.
   Str:       It affects your strength (+6).
   Regen:     It increases your rate of health regeneration.
   Fragile:   It will be destroyed if unequipped.
 F - a ring of resist corrosion (right hand)
Wands
 D - a wand of roots (8)
Scrolls
 d - a scroll of blinking {unknown}
 e - 2 scrolls of poison
 j - 4 scrolls of teleportation
 l - 2 scrolls of fog
 o - a scroll of silence {unknown}
 s - 2 scrolls of enchant weapon {unknown}
 t - a scroll of brand weapon {unknown}
 u - a scroll of summoning {unknown}
 G - a scroll of identify
 H - a scroll of enchant armour {unknown}
Potions
 b - a potion of magic
 c - a potion of might {unknown}
 f - 2 potions of brilliance
 i - a potion of flight
 k - 2 potions of heal wounds
 m - 2 potions of curing
 n - a potion of attraction
 E - a potion of invisibility


   Skills:
 - Level 5.0 Fighting
 - Level 1.7 Dodging
 - Level 2.0 Stealth
 - Level 5.0 Shields
 + Level 3.1 Spellcasting
 - Level 6.0 Conjurations
 - Level 2.0 Transmutations
 - Level 6.0 Fire Magic


You had 8 spell levels left.
You knew the following spells:

 Your Spells              Type           Power      Damage    Failure   Level
a - Foxfire               Conj/Fire      100%       2x1d9     1%          1
b - Scorch                Fire           54%        2d7       1%          2
c - Ignite Poison         Fire/Tmut/Pois 13%        N/A       6%          3

Your spell library contained the following spells:

 Spells                   Type           Power      Damage    Failure   Level
 Inner Flame              Hex/Fire       15%        N/A       4%          3
 Flame Wave               Conj/Fire      27%        2d9       4%          4
 Apportation              Tloc           6%         N/A       6%          1
 Necrotise                Necr           12%        1d4       6%          1
 Summon Small Mammal      Summ           12%        N/A       6%          1
 Kindle Blastsparks       Fire/Tloc/Air  22%        2d11      8%          3
 Fireball                 Conj/Fire      13%        3d7       13%         5
 Summon Guardian Golem    Hex/Summ       3%         N/A       16%         3
 Anguish                  Hex/Necr       1%         N/A       45%         4
 Cause Fear               Hex            1%         N/A       45%         4
 Freezing Cloud           Conj/Ice/Air   5%         6-21      52%         5
 Starburst                Conj/Fire      13%        6d6       56%         6
 Orb of Destruction       Conj           13%        9d7       98%         7
 Enfeeble                 Hex            1%         N/A       100%        7
 Spellforged Servitor     Conj/Summ      7%         N/A       100%        7
 Discord                  Hex            1%         N/A       100%        8


Dungeon Overview and Level Annotations

Branches:
Dungeon (8/15)             Temple (1/1) D:7
   Lair: D:8-11

Altars:
Ashenzari
Cheibriados
Dithmenos
Fedhas
Gozag
Hepliaklqana
Kikubaaqudgha
Makhleb
Nemelex Xobeh
Okawaru
Qazlal
Ru
Sif Muna
Trog
Uskayaw
Vehumet
Wu Jian
Xom
Yredelemnul

Shops:
D:2 (   D:7 (   D:8 [

Annotations:
D:5 2 transporters, Ceno's ghost, novice TeRe


Innate Abilities, Weirdness & Mutations

You have sharp fingernails.
You have a moderately thin skeletal structure. (Dex +4, Stealth++)
A meltable shield of frost defends you. (SH +4)


Message History

You carefully extract the barbed spikes from your body.
You start resting.
HP restored.
You start resting.
Magic restored.
You climb downwards.
There is a stone staircase leading up, spattered with blood here.
There is a stone staircase leading up, spattered with blood here.
You hit the manticore but do no damage. Your punch misses the manticore.
The manticore closely misses you. The manticore claws you.
The manticore claws you but does no damage.
You hit the manticore.
The manticore is lightly wounded.
The manticore bites you! The manticore claws you! The manticore misses you.
You closely miss the manticore. The manticore bites you!
The manticore claws you but does no damage.
The manticore misses you.
You barely miss the manticore. The manticore bites you.
The manticore misses you. The manticore claws you!
You hit the manticore.
The manticore is poisoned.
The manticore is lightly wounded.
The manticore bites you! The manticore barely misses you.
The manticore claws you.
You ignite the poison in your surroundings!
The manticore seems to burn from within!!
The manticore is severely wounded.
The manticore bites you!
* * * LOW HITPOINT WARNING * * *
The manticore completely misses you. The manticore claws you.
* * * LOW HITPOINT WARNING * * *
You hit the manticore.
The manticore is almost dead.
The manticore misses you.
The manticore claws you but does no damage. x2
You hit the manticore.
The manticore is poisoned.
The manticore is almost dead.
The manticore bites you!
* * * LOW HITPOINT WARNING * * *
The manticore claws you!
You die...

H......#...# #.#.#
.......#...# #.#.#
......h#...# #.#.#
.......#...###.#.#
#..H.........#########
#.##?................#
.... #
####..............# ##...
#.H............# ....
#####.@............# ...#
#.......#..........# ...#
#.##....#..........# ...+
#.##....#..........# ...#
#####.##....#..........#
...#
##.....##....##.#########
..## #.........<..##.#
..####............##.#
.....#............##.#


You could see a manticore (very poisoned).

Vanquished Creatures
  3 yaks
  2 water moccasins
  3 ogres
  A centaur (D:7)
  A scorpion (D:5)
  4 wights (D:7)
  2 howler monkeys (D:8)
  4 hounds (D:5)
  2 orc priests
  2 jellies
  4 iguanas
  7 orc wizards
  8 gnolls
  9 adders
  3 white imps
  An ufetubus (D:5)
  4 worms
  A dart slug (D:4)
  24 orcs
  6 endoplasms
  A giant cockroach (D:4)
  3 goblins (D:1)
  6 hobgoblins
  8 jackals
  5 quokkas
  8 ball pythons
  4 bats
  3 frilled lizards
  9 kobolds
  6 rats
144 creatures vanquished.

Vanquished Creatures (others)
  155 foxfires
155 creatures vanquished.

Grand Total: 299 creatures vanquished

Notes
Turn   | Place    | Note
-------+----------+-------------------------------------------
     0 | D:1      | themarg the Demonspawn Fire Elementalist began the quest
                  | for the Orb.
     0 | D:1      | Reached XP level 1. HP: 13/13 MP: 3/3
   269 | D:1      | Found a faded altar of an unknown god.
   578 | D:1      | Gained mutation: You have a somewhat thin skeletal
                  | structure. (Dex +2, Stealth+) [demonic ancestry]
   578 | D:1      | Reached XP level 2. HP: 19/19 MP: 1/5
   581 | D:1      | Learned a level 2 spell: Scorch
  1199 | D:2      | Found a burning altar of Makhleb.
  1539 | D:1      | Reached XP level 3. HP: 24/24 MP: 0/6
  2017 | D:2      | Reached XP level 4. HP: 30/30 MP: 2/7
  2558 | D:2      | Found Idacvag's Weapon Emporium.
  2806 | D:3      | Found a snail-covered altar of Cheibriados.
  2809 | D:3      | Found a shadowy altar of Dithmenos.
  2816 | D:3      | Found a bloodstained altar of Trog.
  2819 | D:3      | Found a burning altar of Makhleb.
  2824 | D:3      | Found an opulent altar of Gozag.
  2830 | D:3      | Found an iron altar of Okawaru.
  3171 | D:3      | Reached XP level 5. HP: 35/35 MP: 1/8
  3861 | D:3      | Reached skill level 5 in Fire Magic
  4601 | D:4      | Noticed an ogre
  4628 | D:4      | Killed an ogre
  4629 | D:4      | Reached skill level 1 in Fighting
  4629 | D:4      | Gained mutation: You have a moderately thin skeletal
                  | structure. (Dex +4, Stealth++) [demonic ancestry]
  4629 | D:4      | Reached XP level 6. HP: 43/43 MP: 2/9
  5597 | D:5      | Entered Level 5 of the Dungeon
  5842 | D:5      | Found a transporter.
  5844 | D:5      | Noticed Ceno's ghost (novice TeRe)
  5845 | D:5      | Found a transporter.
  5871 | D:5      | Gained mutation: You have sharp fingernails. [demonic
                  | ancestry]
  5871 | D:5      | Reached XP level 7. HP: 54/54 MP: 2/10
  5898 | D:5      | HP: 2/55 [orc priest/divine providence (13)]
  6233 | D:5      | Reached skill level 5 in Fighting
  7504 | D:5      | Learned a level 3 spell: Ignite Poison
  7686 | D:6      | Identified the +4 ring mail of Beogh's Benevolence {rC-
                  | rN++ Int+5}
  7804 | D:6      | Reached skill level 1 in Transmutations
  7891 | D:6      | Identified the amulet "Ufumo" {Spirit Fragile Regen+ Str+6}
  7934 | D:6      | Reached XP level 8. HP: 62/62 MP: 5/12
  8521 | D:7      | Reached skill level 5 in Conjurations
  8523 | D:7      | Reached skill level 1 in Shields
  8693 | D:7      | Found a staircase to the Ecumenical Temple.
  8701 | Temple   | Entered the Ecumenical Temple
  8701 | Temple   | Found a transporter.
  8701 | Temple   | Found a transporter.
  8703 | Temple   | Found a transporter.
  8703 | Temple   | Found a transporter.
  8742 | Temple   | Became a worshipper of Vehumet
  8881 | D:7      | Found Suiraubi's Weapon Boutique.
  9432 | D:8      | Found Pagicer's Armour Emporium.
  9538 | D:8      | Reached skill level 5 in Shields
  9549 | D:8      | Gained mutation: A meltable shield of frost defends you.
                  | (SH +4) [demonic ancestry]
  9549 | D:8      | Reached XP level 9. HP: 61/68 MP: 0/13
  9761 | D:8      | Noticed a manticore
  9992 | D:8      | Slain by a manticore

Illustrated notes

Levels and vault maps discovered:
D:1:      nzn_arrival_crosshair, layout_loops_corners,
          shapermc_ecumenical_altar_venn
D:2:      layout_loops_ring, basic_altar, serial_shops, shop
D:3:      layout_basic, nicolae_overflow_hallway_of_the_gods
D:4:      layout_basic
D:5:      layout_basic, gammafunk_ghost_mausoleum, minmay_diced_spiral
D:6:      layout_gridville
D:7:      layout_basic, mainiacjoe_overflow_small_starburst,
          minmay_temple_entry_overgrown, serial_shops, nicolae_square_shop
D:8:      layout_basic, serial_shops, nicolae_shop_advertising_works
          [nicolae_subvault_shop_adworks]
Temple:   hellmonk_temple_divided_pantheon

Skill      XL: |  1  2  3  4  5  6  7  8  9 |
---------------+----------------------------+-----
Stealth        | 2 |  2.0
Fire Magic     | 3 4 6 |  6.0
Fighting       | 1 4 5 |  5.0
Spellcasting   | 3 |  3.1
Conjurations   | 3 5 6 |  6.0
Transmutations | 1 2 |  2.0
Shields        | 5 |  5.0
Dodging        | |  1.7

Action                     |  1- 3 |  4- 6 |  7- 9 || total
---------------------------+-------+-------+-------++-------
  Melee: Dagger            |     4 |    15 |    29 ||    48
         Punch             |     1 |       |       ||     1
   Cast: Foxfire           |    36 |    24 |    32 ||    92
         Scorch            |    21 |    83 |    76 ||   180
         Ignite Poison     |       |       |     3 ||     3
  Evoke: Wand              |       |       |     1 ||     1
    Use: Scroll            |       |     5 |     7 ||    12
         Potion            |       |     2 |       ||     2
 Armour: Robe              |     6 |    11 |    25 ||    42
  Dodge: Dodged            |    19 |    12 |    49 ||    80
  Block: Other             |       |       |     1 ||     1

Table legend: (Time is in decaauts)
 A = Elapsed time spent in this place.
 B = Non-inter-level travel time spent in this place.
 C = Inter-level travel time spent in this place.
 D = Time resting spent in this place.
 E = Time spent auto-exploring this place.
 F = Levels seen in this place.
 G = Mean time per level.
                   A        B        C        D        E       F      G
               +--------+--------+--------+--------+--------+-----+--------+
         Total |  10000 |   9711 |    289 |   2124 |   6178 |   9 | 1111.1 |
       Dungeon |   9944 |   9668 |    276 |   2124 |   6173 |   8 | 1243.0 |
        Temple |     56 |     43 |     13 |      0 |      5 |   1 |   56.0 |
               +--------+--------+--------+--------+--------+-----+--------+

Top non-repeatable levels by time:
     D:5: 1720 daAuts
     D:3: 1610 daAuts
     D:4: 1544 daAuts
     D:1: 1496 daAuts
     D:2: 1137 daAuts
     D:7: 1056 daAuts
     D:6: 1027 daAuts
     D:8: 350 daAuts
  Temple: 56 daAuts
